 Dungeon Crawl Stone Soup version 0.26.1-11-gd32895ea62 (webtiles) character file.

Game seed: 2496873385696078127

694 Tirrikindir the Slasher (level 7, -1/47 (52) HPs)
             Began as an Octopode Fighter on June 8, 2021.
             Slain by a wight
             ... wielding a +2 long sword of electrocution
              (14 damage)
             ... in the Ecumenical Temple.
             The game lasted 00:12:23 (6277 turns).

Tirrikindir the Slasher (Octopode Fighter)          Turns: 6277, Time: 00:12:24

HP:   -1/47 (52)    AC:  1    Str: 16    XL:     7   Next: 64%
MP:   7/7           EV: 14    Int: 12    God:
Gold: 247           SH:  9    Dex: 13    Spells: 6/6 levels left

rFire    . . .     SeeInvis +   a - +1 long sword
rCold    . . .     Faith    .   b - +0 kite shield
rNeg     . . .     Spirit   .   (helmet restricted)
rPois    .         Reflect  .   i - amulet of magic regeneration
rElec    .         Harm     .   f - ring of see invisible
rCorr    +         Rampage  .   w - ring of resist corrosion
Will     .....                  (no ring)
Stlth    +++.......             (no ring)
HPRegen  0.15/turn              (no ring)
MPRegen  0.35/turn              (no ring)
                                (no ring)
                                (no ring)

@: drained
A: almost no armour, stealthy swim, amphibious, 8 rings, constrict 8, repulsion
field 1, camouflage 1, clever 1, sense surroundings 1, robust 1, gelatinous body
1
a: no special abilities


You were in the Ecumenical Temple.
You visited 2 branches of the dungeon, and saw 7 of its levels.
You also visited: Sewer.

You collected 247 gold pieces.

Inventory:

Hand Weapons
 a - a +1 long sword (weapon)
 d - a +2 dagger of flaming
Missiles
 p - 27 poisoned darts (quivered)
Armour
 b - a +0 kite shield (worn)
Jewellery
 f - a ring of see invisible (left tentacle)
 i - an amulet of magic regeneration (around mantle)
 t - the amulet of Ovvukhlirixt {Faith rC+}
   (You found it on level 4 of the Dungeon)

   [amulet of faith]

   It allows you to gain divine favour quickly.
   It protects you from cold.
 w - a ring of resist corrosion (right tentacle)
Wands
 k - a wand of iceblast (11)
Scrolls
 g - 3 scrolls of fog
 h - 2 scrolls of teleportation
 j - a scroll of blinking
 n - a scroll of fear
 r - 2 scrolls of magic mapping
 s - 2 scrolls of amnesia
 x - a scroll of immolation
 y - a scroll of enchant armour {unknown}
Potions
 c - 2 potions of might
 e - 5 potions of curing
 l - 3 potions of haste
 m - 2 potions of lignification
 q - a potion of heal wounds
 u - a potion of flight


   Skills:
 - Level 4.0 Fighting
 * Level 5.9 Long Blades
 - Level 4.0 Dodging
 - Level 4.0 Stealth
 - Level 4.0 Shields
 - Level 2.0 Evocations


You had 6 spell levels left.
You didn't know any spells.
Your spell library was empty.

Dungeon Overview and Level Annotations

Branches:
Dungeon (6/15)             Temple (1/1) D:6           Sewer (visited)

Altars:
Cheibriados
Trog
The Shining One


Innate Abilities, Weirdness & Mutations

You cannot wear most types of armour.
You are very stealthy in the water. (Stealth+)
You are amphibious.
You can wear up to eight rings at the same time.
You can use your tentacles to constrict eight enemies at once.
Your skin changes colour to match your surroundings (Stealth+).
Your rubbery body absorbs attacks. (AC +1, EV +1)
You are surrounded by a mild repulsion field. (EV +2)
Your mind is acute. (Int +2)
You passively map a small area around you.
You are robust. (+10% HP)


Message History

The wight is heavily damaged.
You constrict the wight, but do no damage.
The wight closely misses you. The wight hits you with a +0 mace.
You feel drained.
The wight hits you with a cursed +1 dagger.
You hit the wight. You grab the wight. You squeeze the wight!
The wight is heavily damaged.
You constrict the wight, but do no damage.
You constrict the wight. You block the wight's attack. x2
The wight hits you but does no damage.
You barely miss the wight. Your grab misses the wight.
Your squeeze misses the wight.
The wight is heavily damaged.
You constrict the wight.
You constrict the wight, but do no damage.
The wight hits you with a +2 long sword of electrocution!
You feel drained.
* * * LOW HITPOINT WARNING * * *
You are electrocuted!
You die...

, * ,,
............♣
............♣
,,............♣
............♣ ,
............♣
....⌠.....⌠.♣ ,
............♣
......z@....♣
......zz....♣
....⌠.....⌠.♣
............♣
............♣
............♣
............♣ ,
............♣


You could see 3 wights.

Vanquished Creatures
  A phantom (D:5)
  An ogre (D:5)
  A centaur (D:5)
  A scorpion (D:4)
  A jelly (D:3)
  A hound (D:5)
  3 iguanas
  Robin (D:4)
  10 adders
  3 river rats (D:3)
  An adder skeleton (D:4)
  3 worms
  4 dart slugs
  5 leopard geckos
  2 orcs
  4 giant cockroaches
  15 goblins
  10 hobgoblins
  9 jackals
  A quokka (D:4)
  5 ball pythons
  5 bats
  5 frilled lizards
  14 kobolds
  3 rats
109 creatures vanquished.

Vanquished Creatures (others)
  26 plants (Sewer)
26 creatures vanquished.

Grand Total: 135 creatures vanquished

Notes
Turn   | Place    | Note
-------+----------+-------------------------------------------
     0 | D:1      | Tirrikindir the Octopode Fighter began the quest for the
                  | Orb.
     0 | D:1      | Reached XP level 1. HP: 16/16 MP: 1/1
   316 | D:1      | Reached XP level 2. HP: 21/21 MP: 2/2
   504 | D:1      | Reached skill level 1 in Stealth
   981 | D:2      | Reached XP level 3. HP: 20/26 MP: 3/3
  1369 | D:2      | Reached XP level 4. HP: 22/31 MP: 4/4
  1691 | D:2      | Reached skill level 3 in Long Blades
  2021 | D:2      | Found a glowing golden altar of the Shining One.
  2333 | D:3      | Reached XP level 5. HP: 16/36 MP: 5/5
  2337 | D:3      | Found a glowing drain.
  2341 | Sewer    | Entered a sewer
  2672 | Sewer    | Reached skill level 1 in Evocations
  3479 | D:3      | Reached XP level 6. HP: 41/43 MP: 6/6
  4150 | D:4      | Got a vibrating crystal amulet
  4162 | D:4      | Identified the amulet of Ovvukhlirixt {Faith rC+} (You
                  | found it on level 4 of the Dungeon)
  4257 | D:4      | Found a snail-covered altar of Cheibriados.
  4463 | D:4      | Noticed Robin
  4473 | D:4      | Reached skill level 4 in Long Blades
  4532 | D:4      | Killed Robin
  5237 | D:5      | Entered Level 5 of the Dungeon
  5237 | D:5      | Found a bloodstained altar of Trog.
  5262 | D:5      | Reached XP level 7. HP: 4/48 MP: 7/7
  5741 | D:5      | Reached skill level 5 in Long Blades
  5999 | D:5      | Gained mutation: You passively map a small area around you.
                  | [potion of mutation]
  5999 | D:5      | Gained mutation: Your mind is acute. (Int +2) [potion of
                  | mutation]
  5999 | D:5      | Gained mutation: You are robust. (+10% HP) [potion of
                  | mutation]
  5999 | D:5      | Gained mutation: You are surrounded by a mild repulsion
                  | field. (EV +2) [potion of mutation]
  6255 | D:6      | Found a staircase to the Ecumenical Temple.
  6273 | Temple   | Entered the Ecumenical Temple
  6277 | Temple   | Slain by a wight

Illustrated notes

Levels and vault maps discovered:
D:1:      dpeg_arrival_boxes_within_box, layout_basic
D:2:      layout_basic, nicolae_tso_swordbearing_angel
D:3:      layout_loops_corners, gup_sewer_entry_spiral, bh_walls_and_bars
D:4:      kennysheep_spiral_hall, layout_basic, kennysheep_slug_shrine,
          hex_intersection, uniq_robin
D:5:      layout_rooms, lemuel_crystal_altar
D:6:      minmay_octagon_keep, layout_loops_cross, vehumet_altar_wand_db,
          minmay_temple_entry_large_hall, chequers_arboretum, uniq_eustachio
Temple:   jpeg_temple_alley_garden

Skill      XL: |  1  2  3  4  5  6  7 |
---------------+----------------------+-----
Stealth        | 1 2 3 4 |  4.0
Long Blades    | 3 4 5 |  5.9
Evocations     | 1 2 |  2.0
Fighting       | 4 |  4.0
Dodging        | 4 |  4.0
Shields        | 4 |  4.0

Action                   |  1- 3 |  4- 6 |  7- 9 || total
-------------------------+-------+-------+-------++-------
Melee: Long sword        |    44 |   153 |    38 ||   235
       Constrict         |    14 |    52 |     7 ||    73
       Tentacles         |     6 |    36 |    11 ||    53
Throw: Dart              |       |     3 |       ||     3
  Use: Scroll            |     7 |    10 |     4 ||    21
       Potion            |       |       |     3 ||     3
 Stab: Sleeping          |     7 |    13 |     1 ||    21
       Distracted        |       |     1 |       ||     1
Armor: Skin              |     2 |    10 |     1 ||    13
Dodge: Dodged            |    20 |    53 |    16 ||    89
Block: Kite shield       |    24 |    48 |    20 ||    92
       Rpst.: Long sword |     6 |    11 |     5 ||    22
